| TOP OF THE 1ST |
|
Amarillo ThunderHeads batting - Pitching for Oakland Oaks : RHP Eric Hanrahan
|
|
Pitching: RHP Eric Hanrahan
|
|
|
Batting: RHB Evan Fry
|
0-0: Foul Ball, location: 2F 0-1: Fly out, F8 (Flyball, 8RXD, EV 95.0 MPH)
|
|
Batting: RHB Bill Flannery
|
0-0: Ball 1-0: Foul Ball, location: 2F 1-1: Ball 2-1: Ball 3-1: Ground out 5-3 (Groundball, 56S, EV 86.2 MPH)
|
|
Batting: LHB Danny Moreno
|
0-0: Ground out 6-3 (Groundball, 4D, EV 103.1 MPH)
|
| Top of the 1st over - 0 runs, 0 hits, 0 errors, 0 left on base; Amarillo 0 - Oakland 0 |
| BOTTOM OF THE 1ST |
|
Oakland Oaks batting - Pitching for Amarillo ThunderHeads : RHP Marty Nelson
|
|
Pitching: RHP Marty Nelson
|
|
|
Batting: LHB Justin LeFlore
|
0-0: Called Strike 0-1: Swinging Strike 0-2: Foul Ball, location: 2F 0-2: Strikes out looking
|
|
Batting: SHB Steve McGee
|
0-0: Ball 1-0: Ball 2-0: Ground out 4-3 (Groundball, 4, EV 81.2 MPH)
|
|
Batting: RHB Shi-xian Da
|
0-0: Ball 1-0: Ground out 6-3 (Groundball, 6, EV 85.0 MPH)
|
| Bottom of the 1st over - 0 runs, 0 hits, 0 errors, 0 left on base; Amarillo 0 - Oakland 0 |
| TOP OF THE 2ND |
|
Amarillo ThunderHeads batting - Pitching for Oakland Oaks : RHP Eric Hanrahan
|
|
Batting: RHB Robert Topete
|
0-0: Called Strike 0-1: Ball 1-1: Foul Ball, location: 2F 1-2: Foul Ball, location: 2F 1-2: Ground out 5-3 (Groundball, 56S, EV 64.4 MPH)
|
|
Batting: RHB Eric Camillo
|
0-0: Ball 1-0: Called Strike 1-1: Foul Ball, location: 2F 1-2: Strikes out looking
|
|
Batting: RHB Timotheus Cooper
|
0-0: Called Strike 0-1: Ball 1-1: Ball 2-1: Foul Ball, location: 2F 2-2: SOLO HOME RUN (Flyball, 78XD, EV 107.5 MPH), Distance : 441 ft
|
|
Batting: RHB Pat Martin
|
0-0: Swinging Strike 0-1: Called Strike 0-2: Strikes out swinging
|
| Top of the 2nd over - 1 run, 1 hit, 0 errors, 0 left on base; Amarillo 1 - Oakland 0 |
| BOTTOM OF THE 2ND |
|
Oakland Oaks batting - Pitching for Amarillo ThunderHeads : RHP Marty Nelson
|
|
Batting: SHB Chris King
|
0-0: Ball 1-0: Fly out, F3 (Popup, 23F, EV 86.9 MPH)
|
|
Batting: RHB Moises Guzman
|
0-0: Ball 1-0: Ball 2-0: Swinging Strike 2-1: Called Strike 2-2: Foul Ball, location: 2F 2-2: SOLO HOME RUN (Flyball, 9LD, EV 93.8 MPH), Distance : 343 ft
|
|
Batting: LHB Bryan Hodensack
|
0-0: Called Strike 0-1: Ball 1-1: Ball 2-1: Foul Ball, location: 2F 2-2: Strikes out looking
|
|
Batting: RHB Matt Nehman
|
0-0: Ball 1-0: Called Strike 1-1: Foul Ball, location: 2F 1-2: Strikes out looking
|
| Bottom of the 2nd over - 1 run, 1 hit, 0 errors, 0 left on base; Amarillo 1 - Oakland 1 |
| TOP OF THE 3RD |
|
Amarillo ThunderHeads batting - Pitching for Oakland Oaks : RHP Eric Hanrahan
|
|
Batting: RHB Eddie Vanderjagt
|
0-0: Ground out 6-3 (Groundball, 6, EV 81.2 MPH)
|
|
Batting: RHB Jorge Balderama
|
0-0: Ball 1-0: Swinging Strike 1-1: Ground out 6-3 (Groundball, 6S, EV 90.0 MPH)
|
|
Batting: RHB Evan Fry
|
0-0: Ball 1-0: Swinging Strike 1-1: Ball 2-1: Ball 3-1: Base on Balls
|
|
Batting: RHB Bill Flannery
|
0-0: Foul Ball, location: 2F 0-1: Ball 1-1: Swinging Strike 1-2: Foul Ball, location: 2F 1-2: Foul Ball, location: 2F 1-2: SINGLE (Groundball, 56D, EV 105.6 MPH) Evan Fry to second Runner from 2nd tries for 3rd, SAFE, throw by LF made to third
|
|
Batting: LHB Danny Moreno
|
0-0: Ball 1-0: Ball 2-0: Fly out, F7 (Flyball, 7D, EV 103.1 MPH)
|
| Top of the 3rd over - 0 runs, 1 hit, 0 errors, 2 left on base; Amarillo 1 - Oakland 1 |
| BOTTOM OF THE 3RD |
|
Oakland Oaks batting - Pitching for Amarillo ThunderHeads : RHP Marty Nelson
|
|
Batting: RHB Mario Medina
|
0-0: Ball 1-0: Ball 2-0: Foul Ball, location: 2F 2-1: Foul Ball, location: 2F 2-2: Ball 3-2: Strikes out swinging
|
|
Batting: RHB Ricky Ulloa
|
0-0: Swinging Strike 0-1: Ground out 2-3 (Groundball, 15S, EV 68.8 MPH)
|
|
Batting: LHB Justin LeFlore
|
0-0: Called Strike 0-1: Foul Ball, location: 2F 0-2: Ball 1-2: Fly out, F9 (Line Drive, 9, EV 90.6 MPH)
|
| Bottom of the 3rd over - 0 runs, 0 hits, 0 errors, 0 left on base; Amarillo 1 - Oakland 1 |
| TOP OF THE 4TH |
|
Amarillo ThunderHeads batting - Pitching for Oakland Oaks : RHP Eric Hanrahan
|
|
Batting: RHB Robert Topete
|
0-0: Ball 1-0: Foul Ball, location: 2F 1-1: Swinging Strike 1-2: Ball 2-2: Ball 3-2: Foul Ball, location: 2F 3-2: Foul Ball, location: 2F 3-2: SOLO HOME RUN (Flyball, 7D, EV 96.9 MPH), Distance : 384 ft
|
|
Batting: RHB Eric Camillo
|
0-0: Called Strike 0-1: Called Strike 0-2: Strikes out looking
|
|
Batting: RHB Timotheus Cooper
|
0-0: Ground out 5-3 (Groundball, 56, EV 88.1 MPH)
|
|
Batting: RHB Pat Martin
|
0-0: Called Strike 0-1: Ball 1-1: Ball 2-1: Ground out 6-3 (Groundball, 6, EV 84.4 MPH)
|
| Top of the 4th over - 1 run, 1 hit, 0 errors, 0 left on base; Amarillo 2 - Oakland 1 |
| BOTTOM OF THE 4TH |
|
Oakland Oaks batting - Pitching for Amarillo ThunderHeads : RHP Marty Nelson
|
|
Batting: SHB Steve McGee
|
0-0: Called Strike 0-1: Fly out, F8 (Line Drive, 78D, EV 98.8 MPH)
|
|
Batting: RHB Shi-xian Da
|
0-0: Called Strike 0-1: Foul Ball, location: 2F 0-2: Ball 1-2: Foul Ball, location: 2F 1-2: Ball 2-2: Fly out, F4 (Popup, 4, EV 45.6 MPH)
|
|
Batting: SHB Chris King
|
0-0: Ball 1-0: Foul Ball, location: 2F 1-1: Ground out 4-3 (Groundball, 4S, EV 81.9 MPH)
|
| Bottom of the 4th over - 0 runs, 0 hits, 0 errors, 0 left on base; Amarillo 2 - Oakland 1 |
| TOP OF THE 5TH |
|
Amarillo ThunderHeads batting - Pitching for Oakland Oaks : RHP Eric Hanrahan
|
|
Batting: RHB Eddie Vanderjagt
|
0-0: Ball 1-0: Swinging Strike 1-1: Bunt for hit to 13 - play at first, batter OUT! 1-3
|
|
Batting: RHB Jorge Balderama
|
0-0: Called Strike 0-1: Ball 1-1: Foul Ball, location: 2F 1-2: SINGLE (Groundball, 56S, EV 73.1 MPH) (infield hit)
|
|
Batting: RHB Evan Fry
|
0-0: Called Strike 0-1: Ball 1-1: Foul Ball, location: 2F 1-2: Ball 2-2: Grounds out, U3 (Groundball, 3L, EV 96.2 MPH)
|
|
Batting: RHB Bill Flannery
|
0-0: Ball 1-0: Ball 2-0: Foul Ball, location: 2F 2-1: Ball 3-1: Foul Ball, location: 2F 3-2: Foul Ball, location: 2F 3-2: Base on Balls
|
|
Batting: LHB Danny Moreno
|
0-0: Called Strike 0-1: Ball 1-1: Called Strike 1-2: Ball 2-2: Ball 3-2: Ground out 3-1 (Groundball, 3D, EV 99.4 MPH)
|
| Top of the 5th over - 0 runs, 1 hit, 0 errors, 2 left on base; Amarillo 2 - Oakland 1 |
| BOTTOM OF THE 5TH |
|
Oakland Oaks batting - Pitching for Amarillo ThunderHeads : RHP Marty Nelson
|
|
Batting: RHB Moises Guzman
|
0-0: Ball 1-0: Ball 2-0: Called Strike 2-1: Foul Ball, location: 2F 2-2: Ball 3-2: DOUBLE (Line Drive, 8LXD, EV 101.2 MPH)
|
|
Batting: LHB Bryan Hodensack
|
0-0: Foul Ball, location: 2F 0-1: Fly out, F7 (Flyball, 7D, EV 103.1 MPH)
|
|
Batting: RHB Matt Nehman
|
0-0: Ground out 5-3 (Groundball, 56, EV 83.1 MPH)
|
|
Batting: RHB Mario Medina
|
0-0: Called Strike 0-1: Ball 1-1: Ball 2-1: Foul Ball, location: 2F 2-2: Ball 3-2: Foul Ball, location: 2F 3-2: SINGLE (Groundball, 34D, EV 106.2 MPH) Moises Guzman to third Runner from 3rd tries for Home, throw by RF and OUT! 9-2
|
| Bottom of the 5th over - 0 runs, 2 hits, 0 errors, 1 left on base; Amarillo 2 - Oakland 1 |
| TOP OF THE 6TH |
|
Amarillo ThunderHeads batting - Pitching for Oakland Oaks : RHP Eric Hanrahan
|
|
Batting: RHB Robert Topete
|
0-0: Ball 1-0: Ball 2-0: Called Strike 2-1: Ball 3-1: Base on Balls
|
|
Batting: RHB Eric Camillo
|
0-0: Called Strike 0-1: SINGLE (Flyball, 89S, EV 95.0 MPH) Robert Topete to second
|
|
Batting: RHB Timotheus Cooper
|
0-0: Foul Ball, location: 2F 0-1: Swinging Strike 0-2: Ball 1-2: Strikes out swinging
|
|
Batting: RHB Pat Martin
|
0-0: Called Strike 0-1: Ground out 5-3 (Groundball, 5S, EV 90.0 MPH) Robert Topete to third Eric Camillo to second
|
|
Batting: RHB Eddie Vanderjagt
|
0-0: Called Strike 0-1: Ball 1-1: Called Strike 1-2: Ball 2-2: Foul Ball, location: 2F 2-2: Ball 3-2: SINGLE (Groundball, 6D, EV 106.9 MPH) Robert Topete scores Eric Camillo to third Runner from 3rd tries for Home, SAFE, throw by CF to home
|
|
Batting: RHB Jorge Balderama
|
0-0: Called Strike 0-1: Foul Ball, location: 2F 0-2: Strikes out swinging
|
| Top of the 6th over - 2 runs, 2 hits, 0 errors, 1 left on base; Amarillo 4 - Oakland 1 |
| BOTTOM OF THE 6TH |
|
Oakland Oaks batting - Pitching for Amarillo ThunderHeads : RHP Marty Nelson
|
|
Batting: RHB Ricky Ulloa
|
0-0: Called Strike 0-1: Called Strike 0-2: Ball 1-2: Foul Ball, location: 2F 1-2: Ball 2-2: Strikes out swinging
|
|
Batting: LHB Justin LeFlore
|
0-0: Swinging Strike 0-1: Ball 1-1: Swinging Strike 1-2: Ball 2-2: Ball 3-2: Strikes out swinging
|
|
Batting: SHB Steve McGee
|
0-0: Ball 1-0: Ball 2-0: Swinging Strike 2-1: Ball 3-1: Base on Balls
|
|
Batting: RHB Shi-xian Da
|
0-0: Called Strike 0-1: Ball 1-1: Fielders Choice at 2nd, 6-4 (Groundball, 6, EV 83.1 MPH)
|
| Bottom of the 6th over - 0 runs, 0 hits, 0 errors, 1 left on base; Amarillo 4 - Oakland 1 |
| TOP OF THE 7TH |
|
Amarillo ThunderHeads batting - Pitching for Oakland Oaks : RHP Eric Hanrahan
|
|
Pitching: RHP Brenden Niziolek
|
|
|
Batting: RHB Evan Fry
|
0-0: Ball 1-0: Ball 2-0: Called Strike 2-1: Swinging Strike 2-2: Ball 3-2: Strikes out swinging
|
|
Batting: RHB Bill Flannery
|
0-0: Called Strike 0-1: Ball 1-1: Called Strike 1-2: Ball 2-2: SOLO HOME RUN (Flyball, 9LD, EV 98.1 MPH), Distance : 363 ft
|
|
Batting: LHB Danny Moreno
|
0-0: Ball 1-0: Foul Ball, location: 2F 1-1: Ball 2-1: Swinging Strike 2-2: Ball 3-2: Foul Ball, location: 2F 3-2: Foul Ball, location: 2F 3-2: Ground out 4-3 (Groundball, 4, EV 101.9 MPH)
|
|
Batting: RHB Robert Topete
|
0-0: Ball 1-0: Foul Ball, location: 2F 1-1: Foul Ball, location: 2F 1-2: Ball 2-2: Ground out 5-3 (Groundball, 56S, EV 86.9 MPH)
|
| Top of the 7th over - 1 run, 1 hit, 0 errors, 0 left on base; Amarillo 5 - Oakland 1 |
| BOTTOM OF THE 7TH |
|
Oakland Oaks batting - Pitching for Amarillo ThunderHeads : RHP Marty Nelson
|
|
Batting: SHB Chris King
|
0-0: Fly out, F6 (Popup, 4MS, EV 86.9 MPH)
|
|
Batting: RHB Moises Guzman
|
0-0: Foul Ball, location: 2F 0-1: Ball 1-1: Fly out, F3 (Popup, 3, EV 55.0 MPH)
|
|
Batting: LHB Bryan Hodensack
|
0-0: Called Strike 0-1: Foul Ball, location: 2F 0-2: Strikes out swinging
|
| Bottom of the 7th over - 0 runs, 0 hits, 0 errors, 0 left on base; Amarillo 5 - Oakland 1 |
| TOP OF THE 8TH |
|
Amarillo ThunderHeads batting - Pitching for Oakland Oaks : RHP Brenden Niziolek
|
|
Batting: RHB Eric Camillo
|
0-0: Called Strike 0-1: Foul Ball, location: 2F 0-2: Ball 1-2: Strikes out looking
|
|
Batting: RHB Timotheus Cooper
|
0-0: Called Strike 0-1: Swinging Strike 0-2: Ball 1-2: Ball 2-2: Ball 3-2: SINGLE (Flyball, 89S, EV 85.6 MPH)
|
|
Batting: RHB Pat Martin
|
0-0: Called Strike 0-1: Foul Ball, location: 2F 0-2: Foul Ball, location: 2F 0-2: Ball 1-2: Foul Ball, location: 2F 1-2: Foul Ball, location: 2F 1-2: Strikes out swinging
|
|
Pitching: RHP Josh Rayburn
|
|
|
Batting: RHB Eddie Vanderjagt
|
0-0: Fly out, F9 (Flyball, 89M, EV 89.4 MPH)
|
| Top of the 8th over - 0 runs, 1 hit, 0 errors, 1 left on base; Amarillo 5 - Oakland 1 |
| BOTTOM OF THE 8TH |
|
Oakland Oaks batting - Pitching for Amarillo ThunderHeads : RHP Marty Nelson
|
|
Pinch Hitting: LHB Diego Vega
|
0-0: Foul Ball, location: 2F 0-1: Foul Ball, location: 2F 0-2: Foul Ball, location: 2F 0-2: Ball 1-2: Strikes out swinging
|
|
Batting: RHB Mario Medina
|
0-0: Ball 1-0: Ball 2-0: Foul Ball, location: 2F 2-1: Ball 3-1: Swinging Strike 3-2: Foul Ball, location: 2F 3-2: Base on Balls
|
|
Pitching: LHP Matt Hawk
|
|
|
Batting: RHB Ricky Ulloa
|
0-0: Ball 1-0: Ball 2-0: Called Strike 2-1: Called Strike 2-2: Strikes out swinging
|
|
Batting: LHB Justin LeFlore
|
0-0: Fly out, F8 (Flyball, 8LXD, EV 104.4 MPH)
|
| Bottom of the 8th over - 0 runs, 0 hits, 0 errors, 1 left on base; Amarillo 5 - Oakland 1 |
| TOP OF THE 9TH |
|
Amarillo ThunderHeads batting - Pitching for Oakland Oaks : RHP Josh Rayburn
|
|
Now at 1B: Diego Vega
|
|
|
Batting: RHB Jorge Balderama
|
0-0: Fly out, F7 (Line Drive, 78M, EV 89.4 MPH)
|
|
Batting: RHB Evan Fry
|
0-0: Ball 1-0: Swinging Strike 1-1: Swinging Strike 1-2: Strikes out swinging
|
|
Batting: RHB Bill Flannery
|
0-0: Called Strike 0-1: Ball 1-1: Foul Ball, location: 2F 1-2: Foul Ball, location: 2F 1-2: Ball 2-2: SINGLE (Groundball, 34D, EV 98.1 MPH)
|
|
Batting: LHB Danny Moreno
|
0-0: Called Strike 0-1: Foul Ball, location: 2F 0-2: Ball 1-2: Ball 2-2: Foul Ball, location: 2F 2-2: Ball Wild Pitch! Bill Flannery to second 3-2: Ground out 6-3 (Groundball, 4M, EV 83.8 MPH)
|
| Top of the 9th over - 0 runs, 1 hit, 0 errors, 1 left on base; Amarillo 5 - Oakland 1 |
| BOTTOM OF THE 9TH |
|
Oakland Oaks batting - Pitching for Amarillo ThunderHeads : LHP Matt Hawk
|
|
Batting: SHB Steve McGee
|
0-0: Ball 1-0: Ball 2-0: Called Strike 2-1: Ball 3-1: Foul Ball, location: 2F 3-2: Strikes out swinging
|
|
Batting: RHB Shi-xian Da
|
0-0: Swinging Strike 0-1: Ball 1-1: Ball 2-1: Ball 3-1: Ground out 1-3 (Groundball, 34S, EV 69.4 MPH)
|
|
Batting: SHB Chris King
|
0-0: Ball 1-0: Ball 2-0: Called Strike 2-1: Ball 3-1: Base on Balls
|
|
Batting: RHB Moises Guzman
|
0-0: Called Strike 0-1: Foul Ball, location: 2F 0-2: Strikes out swinging
|
| Bottom of the 9th over - 0 runs, 0 hits, 0 errors, 1 left on base; Amarillo 5 - Oakland 1 |
|